 Dungeon Crawl Stone Soup version 0.30-a0-393-g54b8e3be05 (webtiles) character file.

Game seed: 4256140478447822317

2328 p00ps00p the Cleaver (level 9, -2/81 HPs)
             Began as a Hill Orc Fighter on Dec 6, 2022.
             Was an Initiate of Gozag.
             Slain by an iguana (12 damage)
             ... on level 7 of the Dungeon.
             The game lasted 00:08:20 (5986 turns).

p00ps00p the Cleaver (Hill Orc Fighter)             Turns: 5986, Time: 00:08:21

Health: -2/81      AC:  5    Str: 23    XL:     9   Next: 42%
Magic:  9/9        EV:  9    Int:  8    God:    Gozag
Gold:   903        SH:  5    Dex: 10    Spells: 8/8 levels left

rFire   x . .      SeeInvis +    a - +3 war axe (chaos)
rCold   + . .      Faith    .    c - +0 buckler
rNeg    . . .      Spirit   .    b - +0 scale mail
rPois   .          Reflect  .    t - +0 helmet of Tiastylo {rF- rCorr SInv Stlth+}
rElec   .          Harm     .    (no cloak)
rCorr   +          Rampage  .    (no gloves)
Will    +....                    (no boots)
Stlth   +.........               (no amulet)
HPRegen 0.33/turn                p - ring of willpower
MPRegen 0.11/turn                u - ring of protection from cold

@: corroded, gold aura
A: no striking features
a: Renounce Religion, Potion Petition, Call Merchant, Bribe Branch


You were on level 7 of the Dungeon.
You worshipped Gozag.
Gozag was pleased with you.
You visited 2 branches of the dungeon, and saw 8 of its levels.

You collected 942 gold pieces.
You paid 39 gold pieces to Gozag.

Inventory:

Hand Weapons
 a - a +3 war axe of chaos (weapon)
 w - a +6 flail of draining
Armour
 b - a +0 scale mail (worn)
 c - a +0 buckler (worn)
 k - a +1 chain mail
 t - the +0 helmet of Tiastylo (worn) {rF- rCorr SInv Stlth+}
   (You found it on level 4 of the Dungeon)

   rF:        It makes you vulnerable to fire.
   SInv:      It lets you see invisible.
   rCorr:     It protects you from acid and corrosion.
   Stlth:     It makes you more stealthy.
Jewellery
 p - a ring of willpower (left hand)
 u - a ring of protection from cold (right hand)
Wands
 d - a wand of digging (7)
 r - a wand of mindburst (23)
 s - a wand of flame (26)
 v - a wand of quicksilver (12)
 y - a wand of charming (16)
Scrolls
 n - a scroll of silence
Potions
 e - a potion of invisibility {unknown}
 f - a potion of berserk rage {unknown}
 h - a potion of resistance {unknown}
 i - 5 potions of curing
 j - 4 potions of attraction {unknown}
 l - 2 potions of mutation {unknown}
 m - 2 potions of brilliance {unknown}
 o - 2 potions of haste {unknown}
 q - 2 potions of degeneration {unknown}


   Skills:
 + Level 8.2 Fighting
 + Level 8.4 Axes
 + Level 7.5 Armour
 + Level 7.5 Shields


You had 8 spell levels left.
You didn't know any spells.
Your spell library contained the following spells:

 Spells                   Type           Power      Damage    Failure   Level
 Magic Dart               Conj           0%         1d3       77%         1
 Call Imp                 Summ           0%         N/A       88%         2
 Mephitic Cloud           Conj/Pois/Air  0%         N/A       98%         3


Dungeon Overview and Level Annotations

Branches:
Dungeon (7/15)             Temple (1/1) D:6

Altars:
Ashenzari
Cheibriados
Dithmenos
Elyvilon
Gozag
Hepliaklqana
Kikubaaqudgha
Makhleb
Nemelex Xobeh
Okawaru
Qazlal
Trog
Wu Jian
Xom
Yredelemnul
The Shining One

Shops:
D:1 (


Message History

The ice beast barely misses you.
The sky beast hits you but does no damage.
The centaur shoots an arrow.
The arrow barely misses you. The jelly hits you.
* * * LOW HITPOINT WARNING * * *
You are splashed with acid.
You resist.
* * * LOW HITPOINT WARNING * * *
You feel much better. The ice beast closely misses you.
The sky beast closely misses you. The jelly hits you. The acid corrodes you!
You are splashed with acid.
You resist.
The centaur shoots an arrow.
The arrow hits you!
* * * LOW HITPOINT WARNING * * *
You slash the ice beast!
You kill the ice beast!
You hit the jelly.
Your hands burn!
* * * LOW HITPOINT WARNING * * *
You hit the sky beast but do no damage. You drain the sky beast.
You kill the sky beast!
The jelly completely misses you.
The centaur shoots an arrow.
The arrow barely misses you.
The arrow hits the jelly!
The jelly dies!
The centaur shoots an arrow.
The arrow hits you!
* * * LOW HITPOINT WARNING * * *
The centaur shoots an arrow.
The arrow hits you but does no damage.
Things that are here:
14 gold pieces; a +0 short sword of draining
Aiming: Quicksilver Bolt
Press: ? - help, Q - select action, (/) - cycle Shift-Dir - straight line, f - centaur
Aim: a centaur, wielding a +0 shortbow (83% to hit)
The bolt of dispelling energy hits the centaur!
The centaur is severely wounded.
The centaur shoots an arrow.
The arrow hits you.
* * * LOW HITPOINT WARNING * * *
Aiming: Quicksilver Bolt
Press: ? - help, Q - select action, (/) - cycle Shift-Dir - straight line, f/p - centaur
Aim: a centaur, wielding a +0 shortbow (severely wounded, 83% to hit)
The bolt of dispelling energy hits the centaur!
You kill the centaur!
The iguana bites you!
You die...
Your body crumbles into a pile of gold.

$ ....... ... .......
... .....<.. ....
.......... .....
.........# #.....
..... #..###......
..$.. #.$l@$...#
.....###$.$$...##
......#..$.......#
........$........#
##........$.##.......
.....................
...........##........
...........##........
.>..........#........


You could see an iguana.

Vanquished Creatures
  Grinder (D:4)
  Sigmund (D:5)
  A wyvern (D:5)
  A water moccasin (D:6)
  3 sky beasts
  An ice beast (D:7)
  2 black bears (D:5)
  A centaur (D:7)
  2 phantoms (D:5)
  Blork the orc (D:4)
  A bullfrog (D:6)
  2 scorpions
  3 hounds
  2 jellies
  3 iguanas
  Ijyb (D:5)
  An orc wizard (D:7)
  Robin (D:4)
  2 gnolls (D:5)
  9 adders
  2 shadow imps (D:5)
  A white imp (D:5)
  3 ufetubi (D:5)
  2 worms
  4 dart slugs
  16 orcs
  6 ball pythons
  2 bats (D:2)
  8 endoplasms
  A giant cockroach (D:1)
  22 goblins
  8 hobgoblins
  2 jackals (D:3)
  7 kobolds
  2 quokkas
  2 frilled lizards
  7 rats
134 creatures vanquished.

Vanquished Creatures (collateral kills)
  Edmund (D:5)
  A gnoll bouda (D:5)
  5 gnolls (D:5)
7 creatures vanquished.

Vanquished Creatures (others)
  A human (D:6)
  A jelly (D:7)
  A gnoll (D:5)
  3 demonic plants (D:5)
6 creatures vanquished.

Grand Total: 147 creatures vanquished

Notes
Turn   | Place    | Note
-------+----------+-------------------------------------------
     0 | D:1      | p00ps00p the Hill Orc Fighter began the quest for the Orb.
     0 | D:1      | Reached XP level 1. HP: 19/19 MP: 1/1
   120 | D:1      | Reached XP level 2. HP: 27/27 MP: 2/2
   373 | D:1      | Found Wiworph's Antique Weapon Shop.
   470 | D:1      | Reached XP level 3. HP: 33/33 MP: 3/3
   537 | D:2      | Found a snail-covered altar of Cheibriados.
   713 | D:2      | Found a faded altar of an unknown god.
   728 | D:2      | Reached XP level 4. HP: 27/40 MP: 4/4
  1096 | D:2      | You fall into a shaft and drop 1 floor!
  1111 | D:3      | Found an opulent altar of Gozag.
  1128 | D:3      | Became a worshipper of Gozag Ym Sagoz the Greedy
  1535 | D:3      | Found a sparkling altar of Nemelex Xobeh.
  1757 | D:3      | Reached XP level 5. HP: 47/47 MP: 5/5
  2106 | D:4      | Noticed Grinder
  2151 | D:4      | Killed Grinder
  2152 | D:4      | Reached skill level 5 in Fighting
  2152 | D:4      | Reached XP level 6. HP: 45/56 MP: 6/6
  2317 | D:4      | Reached skill level 5 in Axes
  2317 | D:4      | Reached skill level 5 in Armour
  2371 | D:4      | Reached skill level 5 in Shields
  2371 | D:4      | Reached XP level 7. HP: 61/61 MP: 7/7
  2430 | D:4      | Found a basalt altar of Yredelemnul.
  2455 | D:4      | Noticed Blork the orc
  2466 | D:4      | Killed Blork the orc
  2580 | D:4      | Noticed Robin
  2585 | D:4      | Killed Robin
  2831 | D:4      | Identified the +0 helmet of Tiastylo {rF- rCorr SInv
                  | Stlth+}
  3292 | D:5      | Entered Level 5 of the Dungeon
  3312 | D:5      | Noticed Ijyb
  3330 | D:5      | Noticed Sigmund
  3333 | D:5      | Killed Ijyb
  3342 | D:5      | Killed Sigmund
  3343 | D:5      | Reached XP level 8. HP: 30/71 MP: 8/8
  3624 | D:5      | Noticed Edmund
  3636 | D:5      | Killed Edmund
  4178 | D:5      | Noticed a wyvern
  4187 | D:5      | Killed a wyvern
  4188 | D:5      | Reached XP level 9. HP: 34/79 MP: 9/9
  4780 | D:6      | Found a staircase to the Ecumenical Temple.
  4810 | D:6      | Found a snail-covered altar of Cheibriados.
  4884 | D:6      | Found an ancient bone altar of Kikubaaqudgha.
  5366 | D:6      | Found a bloodstained altar of Trog.
  5459 | D:6      | Found a stormy altar of Qazlal.
  5783 | Temple   | Entered the Ecumenical Temple
  5986 | D:7      | Slain by an iguana

Illustrated notes

Levels and vault maps discovered:
D:1:      lightli_arrival_lavapool, layout_basic, serial_shops, shop,
          st_stairs_8
D:2:      layout_basic, shapermc_ecumenical_altar_mp_highgroup, basic_altar
D:3:      layout_loops_cross, grunt_gozag_breadcrumbs,
          nicolae_overflow_hidden_temple
D:4:      layout_basic, mainiacjoe_overflow_alcove_1, uniq_robin,
          uniq_blork_the_orc, uniq_grinder
D:5:      layout_basic, serial_demonic, serial_demonic_c, serial_demonic_g,
          serial_demonic_d, serial_demonic_b, corner_web_ring, uniq_edmund,
          uniq_sigmund, uniq_ijyb
D:6:      layout_gridville, tgw_kikubaaqudgha, mainiacjoe_overflow_chevrons,
          nicolae_qazlal_scattered_showers, trog_book,
          minmay_temple_entry_gardened_gates
D:7:      layout_cave_pools, nicolae_vehumet_altar_sigil, lemuel_tele_altar
Temple:   hellmonk_temple_beads

Skill      XL: |  1  2  3  4  5  6  7  8  9 |
---------------+----------------------------+-----
Axes           | 3 4 5 6 7 8 |  8.4
Fighting       | 4 5 6 7 8 |  8.2
Armour         | 4 5 6 7 |  7.5
Shields        | 4 5 6 7 |  7.5

Action                   |  1- 3 |  4- 6 |  7- 9 || total
-------------------------+-------+-------+-------++-------
Melee: War axe           |   109 |    99 |   193 ||   401
Evoke: Wand              |       |       |     4 ||     4
  Use: Scroll            |     3 |     5 |     7 ||    15
       Potion            |       |     2 |     4 ||     6
 Stab: Distracted        |       |       |     2 ||     2
Armor: Scale mail        |    16 |       |    69 ||    85
       Chain mail        |    59 |    63 |    28 ||   150
Dodge: Dodged            |    54 |    24 |    87 ||   165
Block: Buckler           |    24 |    18 |    49 ||    91

Table legend: (Time is in decaauts)
 A = Elapsed time spent in this place.
 B = Non-inter-level travel time spent in this place.
 C = Inter-level travel time spent in this place.
 D = Time resting spent in this place.
 E = Time spent auto-exploring this place.
 F = Levels seen in this place.
 G = Mean time per level.
                   A        B        C        D        E       F      G
               +--------+--------+--------+--------+--------+-----+--------+
         Total |   6098 |   5868 |    230 |    431 |   4384 |   8 |  762.2 |
       Dungeon |   5986 |   5770 |    216 |    431 |   4295 |   7 |  855.1 |
        Temple |    111 |     98 |     13 |      0 |     89 |   1 |  111.0 |
               +--------+--------+--------+--------+--------+-----+--------+

Top non-repeatable levels by time:
     D:5: 1456 daAuts
     D:4: 1222 daAuts
     D:6: 1067 daAuts
     D:3: 842 daAuts
     D:2: 775 daAuts
     D:1: 540 daAuts
  Temple: 111 daAuts
     D:7: 81 daAuts
